 Dungeon Crawl Stone Soup version 0.28.0-45-g0d030f2227 (webtiles) character file.

Game seed: 11111032855258408230

14 CryoSword the Caller (level 2, 0/20 HPs)
             Began as a Demonspawn Summoner on Apr 20, 2022.
             Succumbed to a goblin's poison
             ... on level 1 of the Dungeon.
             The game lasted 00:00:49 (613 turns).

CryoSword the Caller (Demonspawn Summoner)           Turns: 613, Time: 00:00:49

Health: 0/20       AC:  2    Str:  8    XL:     2   Next: 27%
Magic:  3/5        EV: 12    Int: 16    God:
Gold:   15         SH:  0    Dex: 13    Spells: 4/5 levels left

rFire   . . .      SeeInvis .   b - +0 dagger
rCold   . . .      Faith    .   (no shield)
rNeg    . . .      Spirit   .   a - +0 robe
rPois   .          Reflect  .   (no helmet)
rElec   .          Harm     .   (no cloak)
rCorr   .          Rampage  .   (no gloves)
Will    .....                   (no boots)
Stlth   ++........              (no amulet)
HPRegen 0.06/turn               (no ring)
MPRegen 0.09/turn               (no ring)

@: lethally poisoned (0 -> -14), hasted, very quick
A: demonic touch 1
a: no special abilities


You were on level 1 of the Dungeon.
You visited 1 branch of the dungeon, and saw 1 of its levels.

You collected 15 gold pieces.

Inventory:

Hand Weapons
 b - a +0 dagger (weapon)
   (You took it off a goblin on level 1 of the Dungeon)
Armour
 a - a +0 robe (worn)
Scrolls
 c - a scroll of enchant weapon {unknown}


   Skills:
 + Level 0.6 Fighting
 - Level 2.0 Dodging
 - Level 2.0 Stealth
 - Level 2.0 Spellcasting
 * Level 4.3 Summonings


You had 4 spell levels left.
You knew the following spells:

 Your Spells              Type           Power      Damage    Failure   Level
a - Summon Small Mammal   Summ           60%        N/A       3%          1

Your spell library contained the following spells:

 Spells                   Type           Power      Damage    Failure   Level
 Call Imp                 Summ           15%        N/A       5%          2
 Call Canine Familiar     Summ           15%        N/A       11%         3
 Summon Guardian Golem    Hex/Summ       8%         N/A       26%         3
 Summon Lightning Spire   Summ/Air       8%         N/A       65%         4


Dungeon Overview and Level Annotations

Branches:
Dungeon (1/15)

Altars:


Innate Abilities, Weirdness & Mutations

Your touch may inflict minor irresistible damage on your foes.


Message History

Training target 2.0 for Stealth reached!
Training target 2.0 for Dodging reached!
Your Dodging skill increases to level 2!
Your Stealth skill increases to level 2!
You have reached level 2!
Your demonic ancestry asserts itself...
Your hands begin to faintly glow with unholy energy.
Your bat disappears in a puff of smoke!
Things that are here:
a +0 club; a ball python corpse You now have 11 gold pieces (gained 7).
Key pressed, stopping explore.
A hobgoblin comes into view.
Found a stone staircase leading down.
A hobgoblin is nearby!
The hobgoblin shouts!
Your rat closely misses the hobgoblin.
You swap places.
The hobgoblin hits you.
You hit the hobgoblin. The hobgoblin barely misses you.
Your rat closely misses the hobgoblin.
You closely miss the hobgoblin.
You touch the hobgoblin.
You kill the hobgoblin!
No target in view!
No target in view!
No target in view!
No target in view!
No target in view!
No target in view!
No target in view!
No target in view!
No target in view!
No target in view!
No target in view!
You hear a shout!
You hear an angry hiss.
You hear a shout!
You hear an angry hiss.
Your rat disappears in a puff of smoke!
Your rat disappears in a puff of smoke!
You hear an angry hiss.
c - a scroll labelled ZERIAC VIBLYESK A frilled lizard comes into view.
A frilled lizard is nearby!
A frilled lizard is nearby!
The frilled lizard hisses angrily.
You barely miss the frilled lizard. Your touch misses the frilled lizard.
The frilled lizard barely misses you.
You barely miss the frilled lizard. The frilled lizard barely misses you.
You hit the frilled lizard.
The frilled lizard bites you but does no damage.
You hit the frilled lizard.
You kill the frilled lizard!
No target in view!
No target in view!
No target in view!
No target in view!
No target in view!
No target in view!
You see here a frilled lizard corpse.
d - a sedimented cyan potion No target in view!
You open the door.
There is an open door here.
Could not explore, unopened door.
Could not explore, unopened door.
Could not explore, unopened door.
You open the door.
A bat comes into view.
A bat is nearby!
A bat is nearby!
A bat is nearby!
A ball python comes into view.
There is an open door here.
Found 4 gold pieces.
Your bat hits the bat but does no damage.
The bat completely misses your bat.
The ball python hisses angrily.
Found a dagger.
Your bat misses the bat. The bat closely misses your bat.
Your bat hits the ball python.
Your bat hits the bat but does no damage.
Your bat closely misses the ball python.
The ball python barely misses you. The ball python misses you.
Your bat barely misses the bat.
The bat hits you but does no damage. The ball python completely misses you.
The ball python grabs you. The ball python constricts you.
You closely miss the ball python. Your touch misses the ball python.
Your bat hits the bat but does no damage.
Your bat barely misses the bat.
The bat hits you but does no damage.
Your bat barely misses the bat.
The ball python barely misses you. The ball python constricts you.
You closely miss the ball python. Your bat hits the ball python.
The bat closely misses your bat.
Your bat hits the bat.
Your bat barely misses the bat.
The ball python bites your bat. The ball python constricts you.
You hit the ball python.
You kill the ball python!
Your bat closely misses the bat.
The bat misses you. The bat misses your bat.
You barely miss the bat.
Your bat closely misses the bat. x2
The bat hits you but does no damage.
Your bat closely misses the bat.
The bat closely misses you.
Your bat barely misses the bat.
You hit the bat.
You kill the bat!
No target in view!
No target in view!
No target in view!
No target in view!
No target in view!
No target in view!
No target in view!
No target in view!
Your bat disappears in a puff of smoke!
Your bat disappears in a puff of smoke!
You now have 15 gold pieces (gained 4).
A goblin comes into view. It is wielding a +2 dagger of venom.
A goblin is nearby!
A goblin is nearby!
A goblin is nearby!
The goblin shouts!
You closely miss the goblin. The goblin misses you.
You closely miss the goblin. The goblin closely misses you.
You barely miss the goblin.
The goblin hits you with a +2 dagger of venom.
You are poisoned.
You feel sick.
You feel sick.
You feel sick.
You feel sick.
You feel sick.
You feel sick.
You feel sick.
You are no longer poisoned.
The goblin hits you but does no damage.
You are poisoned.
* * * LOW HITPOINT WARNING * * *
You feel sick.
Your quokka barely misses the goblin.
* * * LOW HITPOINT WARNING * * *
You feel sick.
Your quokka barely misses the goblin.
You feel sick.
The goblin hits you with a +2 dagger of venom.
* * * LOW HITPOINT WARNING * * *
You are lethally poisoned!
Your quokka closely misses the goblin.
It was a potion of haste.
You feel yourself speed up.
* * * LOW HITPOINT WARNING * * *
You feel very sick. The goblin misses you.
Your quokka bites the goblin.
The goblin dies!
Unknown command.
You die...

..#.## #. # #..# ##
#..#.##.#####
#............
##.#.##..#### #
#.###.#
#.################
#.# #.# #♣
#............r...##
#.# #.# ♣<
#..##########@....#
#.# #.# ♣. #..
#..r..###.###.###.
#..
#....†'........#♣.
#..
#.....#######.#..♣
#.. #....## #.####
... #....# #.####
#.. ♣#....###
#..... ♣.......#
###### ♣.......#
######


You could see a friendly quokka (summoned) and a friendly rat (summoned).

Vanquished Creatures
  A dart slug (D:1)
  A goblin (D:1)
  A hobgoblin (D:1)
  A ball python (D:1)
  A bat (D:1)
  2 frilled lizards (D:1)
7 creatures vanquished.

Vanquished Creatures (collateral kills)
  An endoplasm (D:1)
  2 goblins (D:1)
  A ball python (D:1)
  A frilled lizard (D:1)
5 creatures vanquished.

Vanquished Creatures (others)
  A plant (D:1)
1 creature vanquished.

Grand Total: 13 creatures vanquished

Notes
Turn   | Place    | Note
-------+----------+-------------------------------------------
     0 | D:1      | CryoSword the Demonspawn Summoner began the quest for the
                  | Orb.
     0 | D:1      | Reached XP level 1. HP: 13/13 MP: 3/3
   216 | D:1      | Gained mutation: Your touch may inflict minor irresistible
                  | damage on your foes. [demonic ancestry]
   216 | D:1      | Reached XP level 2. HP: 19/20 MP: 1/5
   613 | D:1      | Succumbed to a goblin's poison

Illustrated notes

Levels and vault maps discovered:
D:1:      pf_arrival_petrified_forest, layout_basic, serial_forest,
          infiniplex_forest_end_3, infiniplex_forest_pool,
          infiniplex_forest_clump_double, infiniplex_forest_end_1,
          infiniplex_forest_lined_corner, ebering_ecumenical_altar_hall

Skill      XL: |  1 |
---------------+----+-----
Dodging        | 2 |  2.0
Stealth        | 2 |  2.0
Fighting       | |  0.6
Spellcasting   | |  2.0
Summonings     | |  4.3

Action                   || total
-------------------------++-------
Melee: Dagger            ||    22
       Unarmed           ||     2
       Touch             ||     1
 Cast: Summon Small Mamm ||    12
  Use: Potion            ||     1
 Stab: Sleeping          ||     1
Armor: Robe              ||     6
Dodge: Dodged            ||    21
